 Dungeon Crawl Stone Soup version 0.24-a0-434-gd57e52fea8 (webtiles) character file.

Game seed: 5852941110696107341

83 mhoghedin the Magician (level 4, -2/33 HPs)
             Began as a Draconian Wizard on June 16, 2019.
             Slain by an orc
             ... wielding a +0 hand axe
              (5 damage)
             ... on level 3 of the Dungeon.
             The game lasted 00:05:49 (2050 turns).

mhoghedin the Magician (Draconian Wizard)           Turns: 2050, Time: 00:05:50

Health: -2/33      AC:  7    Str: 10    XL:     4   Next: 22%
Magic:  0/10       EV: 12    Int: 19    God:
Gold:   140        SH:  0    Dex:  9    Spells: 0/11 levels left

rFire    . . .     SeeInvis .   k - +0 spear (curse)
rCold    . . .     Gourm    .   (no shield)
rNeg     + . .     Faith    .   (armour unavailable)
rPois    .         Spirit   .   p - +2 hat
rElec    .         Reflect  .   (no cloak)
rCorr    .         Harm     .   (no gloves)
MR       .....                  (no boots)
Stlth    ++........             (no amulet)
HPRegen  0.11/turn              o - ring of positive energy {rN+}
MPRegen  0.12/turn              (no ring)

@: no status effects
A: unfitting armour, cold-blooded, AC +5
a: no special abilities


You were on level 3 of the Dungeon.
You were hungry.

You visited 1 branch of the dungeon, and saw 3 of its levels.

You collected 140 gold pieces.

Inventory:

Hand Weapons
 h - a +0 short sword of freezing
   (You took it off a kobold on level 1 of the Dungeon)
 k - a cursed +0 spear (weapon)
   (You found it on level 1 of the Dungeon)
Armour
 p - a +2 hat (worn)
   (You found it on level 2 of the Dungeon)
Jewellery
 o - a ring of positive energy (left hand) {rN+}
   (You found it on level 2 of the Dungeon)
Scrolls
 a - a scroll of enchant armour {unknown}
 b - a scroll of remove curse {unknown}
 d - 3 scrolls of teleportation
 e - a scroll of random uselessness {unknown}
 f - a scroll of fog {unknown}
 i - 2 scrolls of magic mapping {unknown}
Potions
 g - a potion of heal wounds {unknown}
 j - a potion of magic {unknown}
 l - a potion of might {unknown}
 n - a potion of curing {unknown}
Comestibles
 c - 4 rations


   Skills:
 - Level 1.7 Dodging
 - Level 1.7 Stealth
 - Level 4.1 Spellcasting
 + Level 2.0 Conjurations
 - Level 1.5 Summonings
 - Level 1.0 Translocations
 + Level 0.2 Fire Magic
 + Level 0.2 Air Magic
 + Level 0.2 Poison Magic


You couldn't memorise any spells.
You knew the following spells:

 Your Spells              Type           Power        Failure   Level  Hunger
a - Magic Dart            Conj           ##..         6%          1    None
b - Blink                 Tloc           N/A          14%         2    ##.....
c - Call Imp              Summ           #.......     11%         2    ##.....
d - Conjure Flame         Conj/Fire      #.......     26%         3    ###....
x - Mephitic Cloud        Conj/Pois/Air  #.......     28%         3    ###....

Your spell library contained the following spells:

 Spells                   Type           Power        Failure   Level  Hunger
 Slow                     Hex            #.......     21%         2    ##.....


Dungeon Overview and Level Annotations

Branches:
Dungeon (3/15)

Altars:
Ashenzari
Makhleb


Innate Abilities, Weirdness & Mutations

Your plain brown scales are hard. (AC +5)
You cannot fit into any form of body armour.
You are cold-blooded and may be slowed by cold attacks.


Message History

Things that are here:
a +0 dagger; a jackal corpse x2
Memorise Mephitic Cloud, consuming 3 spell levels and leaving 0?
You start memorising the spell.
You continue memorising. x3
You finish memorising.
Spell assigned to 'x'.
You start resting.
You are feeling hungry.
Health restored: 33 You regained 4 mp, and now have 8/10 mp.
You now have 140 gold pieces (gained 15).
An orc comes into view. It is wielding a +0 flail.
MP restored: 10 An orc comes into view.
The orc shouts!
You hear a shout!
The orc shouts!
Attack whom?
Aim: an orc, wearing a +0 leather armour You reach to attack!
You hit the orc but do no damage.
An adder comes into view.
The adder hisses angrily.
You hit the orc but do no damage. The orc barely misses you.
You hit the orc. The orc hits you but does no damage.
You hit the orc.
You kill the orc!
The adder bites you.
You are poisoned.
The adder poisons you!
You take 3 damage, and have 30/33 hp.
An orc comes into view. It is wielding a +0 hand axe.
You feel sick.
The orc shouts!
The orc closely misses you.
You take 1 damage, and have 29/33 hp.
You feel sick. The adder bites you but does no damage.
You take 1 damage, and have 28/33 hp.
Aim: an adder The magic dart hits the adder.
You feel sick. The adder closely misses you.
You take 1 damage, and have 28/33 hp.
You now have 9/10 mp.
Aim: an adder (lightly wounded)
The magic dart hits the adder.
The adder bites you but does no damage. The adder closely misses you.
You now have 8/10 mp.
Aim: an adder (heavily wounded)
The magic dart hits the adder.
The adder bites you.
You take 4 damage, and have 24/33 hp.
You now have 7/10 mp.
Aim: an adder (heavily wounded)
The magic dart hits the adder.
The adder bites you.
You are more poisoned.
The adder poisons you!
You take 2 damage, and have 22/33 hp.
You now have 6/10 mp.
Aim: an adder (severely wounded)
The magic dart hits the adder.
You feel sick. The adder bites you.
You take 3 damage, and have 19/33 hp.
You now have 5/10 mp.
Aim: an adder (severely wounded)
The magic dart hits the adder.
The adder misses you. The adder bites you but does no damage.
You now have 4/10 mp.
Aim: an adder (almost dead)
The magic dart hits the adder.
You kill the adder!
You feel sick.
You take 1 damage, and have 18/33 hp.
You now have 3/10 mp.
Aim: an orc, wielding a +0 flail and wearing a +0 ring mail The magic dart hits the orc but does no damage.
The orc hits you with a +0 flail.
You take 4 damage, and have 14/33 hp.
Aim: an orc, wielding a +0 flail and wearing a +0 ring mail The magic dart hits the orc.
The orc hits you but does no damage.
You now have 2/10 mp.
Aim: an orc, wielding a +0 flail and wearing a +0 ring mail (lightly wounded)
The magic dart hits the orc but does no damage.
You feel sick. The orc barely misses you.
You take 1 damage, and have 13/33 hp.
You now have 1/10 mp.
Aim: an orc, wielding a +0 flail and wearing a +0 ring mail (lightly wounded)
The magic dart hits the orc but does no damage.
You now have 0/10 mp.
You don't have enough magic to cast that spell.
You barely miss the orc. The orc hits you with a +0 flail.
You take 1 damage, and have 12/33 hp.
You hit the orc.
You feel sick. The orc closely misses you.
You take 1 damage, and have 11/33 hp.
You closely miss the orc. The orc completely misses you.
You hit the orc.
You kill the orc!
You barely miss the orc.
You feel sick. The orc misses you.
You hit the orc. The orc hits you with a +0 hand axe!
* * * LOW HITPOINT WARNING * * *
You take 7 damage, and have 4/33 hp.
MASSIVE DAMAGE!!
Aim: an orc, wielding a +0 hand axe and wearing a +0 scale mail (lightly wounded)
The magic dart hits the orc.
The orc barely misses you.
You now have 0/10 mp.
You feel sick.
You take 1 damage, and have 3/33 hp.
You feel sick.
You are no longer poisoned.
You take 1 damage, and have 2/33 hp.
Aim: an orc, wielding a +0 hand axe and wearing a +0 scale mail (heavily wounded)
The magic dart hits the orc.
The orc hits you with a +0 hand axe.
You die...

##########
#......)†#
#####.######.#####
#.......# #.......
#@#####.# #.######
#o# #.###.### #.#
#.......## #.#
#.####...###
#.#####.# #......
#.......# #...###
###.#.#(# ##### #
##)## # ##.## #


You could see an orc.

Vanquished Creatures
  2 adders
  A worm (D:2)
  A dart slug (D:1)
  2 leopard geckos
  2 orcs (D:3)
  4 giant cockroaches (D:1)
  4 hobgoblins
  3 jackals (D:3)
  A quokka (D:2)
  6 bats
  2 frilled lizards (D:2)
  8 goblins
  7 kobolds
  7 rats
50 creatures vanquished.

Vanquished Creatures (collateral kills)
  An adder (D:2)
1 creature vanquished.

Grand Total: 51 creatures vanquished

Notes
Turn   | Place    | Note
-------+----------+-------------------------------------------
     0 | D:1      | mhoghedin the Draconian Wizard began the quest for the Orb.
     0 | D:1      | Reached XP level 1. HP: 14/14 MP: 4/4
   321 | D:1      | Reached XP level 2. HP: 18/20 MP: 6/6
   388 | D:1      | Learned a level 2 spell: Blink
   391 | D:1      | Learned a level 2 spell: Call Imp
   700 | D:1      | Reached skill level 2 in Conjurations
  1013 | D:2      | Reached XP level 3. HP: 19/26 MP: 2/8
  1336 | D:2      | Learned a level 3 spell: Conjure Flame
  1416 | D:2      | Found a shattered altar of Ashenzari.
  1483 | D:2      | Reached skill level 4 in Spellcasting
  1622 | D:2      | Found a burning altar of Makhleb.
  1814 | D:2      | Noticed an Executioner
  1817 | D:2      | Noticed a hellwing
  1817 | D:2      | Noticed a hellwing
  1928 | D:3      | Reached XP level 4. HP: 33/33 MP: 2/10
  1957 | D:3      | Learned a level 3 spell: Mephitic Cloud
  2042 | D:3      | HP: 4/33 [orc/+0 hand axe (7)]
  2049 | D:3      | HP: 2/33 [poisoned by an adder]
  2050 | D:3      | Slain by an orc

Levels and vault maps discovered:
D:1:      wander_arrival_peaceful_grave, layout_basic, chequers_garden
D:2:      layout_rooms, nicolae_overflow_crystal_walls,
          makhleb_altar_promises_db, first_ration
D:3:      layout_loops_ring, uniq_grinder, uniq_natasha

Skill      XL: |  1  2  3 |
---------------+----------+-----
Conjurations   | 2 |  2.0
Spellcasting   | 4 |  4.1
Dodging        | |  1.7
Stealth        | |  1.7
Summonings     | |  1.5
Translocations | |  1.0
Fire Magic     | |  0.2
Air Magic      | |  0.2
Poison Magic   | |  0.2

Action                   |  1- 3 |  4- 6 || total
-------------------------+-------+-------++-------
Melee: Unarmed           |    13 |       ||    13
       Club              |    13 |       ||    13
       Tailslap          |     5 |       ||     5
       Short sword       |    21 |       ||    21
       Spear             |    38 |    30 ||    68
 Cast: Magic Dart        |    71 |    16 ||    87
       Call Imp          |     2 |       ||     2
  Use: Scroll            |     2 |       ||     2
 Stab: Distracted        |     1 |       ||     1
       Sleeping          |     1 |       ||     1
  Eat: Chunk             |     3 |       ||     3
Armor: Skin              |    57 |    16 ||    73
Dodge: Dodged            |    98 |    25 ||   123

Table legend:
 A = Non-vault XP
 B = Vault XP
 C = Vault XP percentage of total XP
 D = Non-vault monster count
 E = Vault monster count
 F = Vault count percentage of total count
                 A         B        C        D         E       F
            +---------+---------+-------+---------+---------+-------
      Total |     119 |       0 |   0.0 |      51 |       0 |   0.0
            +---------+---------+-------+---------+---------+-------
        D:1 |      39 |       0 |   0.0 |      21 |       0 |   0.0
        D:2 |      53 |       0 |   0.0 |      22 |       0 |   0.0
        D:3 |      27 |       0 |   0.0 |       8 |       0 |   0.0
            +---------+---------+-------+---------+---------+-------

Levels and vault maps discovered:
D:1:      wander_arrival_peaceful_grave, layout_basic, chequers_garden
D:2:      layout_rooms, nicolae_overflow_crystal_walls,
          makhleb_altar_promises_db, first_ration
D:3:      layout_loops_ring, uniq_grinder, uniq_natasha

Table legend:
 A = Turns spent in this place as a percentage of turns spent in the entire game.
 B = Non-inter-level travel turns spent in this place as a percentage of non-inter-level travel turns spent in the entire game.
 C = Inter-level travel turns spent in this place as a percentage of turns spent in this place.
 D = Turns resting spent in this place as a percentage of non-inter-level travel turns spent in this place.
 E = Turns spent auto-exploring this place as a percentage of non-inter-level travel turns spent in this place.
 F = Non-inter-level travel turns spent in this place divided by the number of levels of this place that you've seen.
                   A       B       C       D       E      F
               +-------+-------+-------+-------+-------+----------------------
         Total | 100.0 | 100.0 |   4.0 |  38.8 |  38.2 | 655.7
       Dungeon | 100.0 | 100.0 |   4.0 |  38.8 |  38.2 | 655.7
               +-------+-------+-------+-------+-------+----------------------

Table legend:
 A = Kills in this place as a percentage of kills in entire the game.
 B = Kills by you in this place as a percentage of kills by you in the entire game.
 C = Kills by friends in this place as a percentage of kills by friends in the entire game.
 D = Other kills in this place as a percentage of other kills in the entire game.
 E = Experience gained in this place as a percentage of experience gained in the entire game.
 F = Experience gained in this place divided by the number of levels of this place that you have seen.
                   A       B       C       D       E      F
               +-------+-------+-------+-------+-------+----------------------
         Total | 100.0 | 100.0 | 100.0 |   N/A | 100.0 |  39.7
       Dungeon | 100.0 | 100.0 | 100.0 |   N/A | 100.0 |  39.7
               +-------+-------+-------+-------+-------+----------------------
